 Dungeon Crawl Stone Soup version 0.30.0-20-g3615ddf2f0 (webtiles) character file.

Game seed: 18170537024895924906

42 qw the Chopper (level 3, -2/23 HPs)
             Began as a Gargoyle Fighter on May 28, 2023.
             Slain by Sigmund
             ... wielding a +0 scythe
              (4 damage)
             ... on level 2 of the Dungeon.
             The game lasted 00:00:48 (1127 turns).

qw the Chopper (Gargoyle Fighter)                   Turns: 1127, Time: 00:00:49

Health: -2/23      AC: 12    Str: 21    XL:     3   Next: 54%
Magic:  3/3        EV:  7    Int:  8    God:
Gold:   52         SH:  4    Dex:  9    Spells: 2/2 levels left

rFire   . . .        Y - +0 war axe (heavy)
rCold   . . .        c - +0 buckler
rNeg    + . .        j - +0 chain mail
rPois   inf          (no helmet)
rElec   +            (no cloak)
rCorr   .            (no gloves)
SInv    .            (no boots)
Will    .....        (no amulet) Stlth
                     (no ring)
HPRegen 0.23/turn    (no ring)
MPRegen 0.08/turn

%: no passive effects
@: no status effects
A: sickness immunity, AC +3, negative energy resistance 1, electricity
resistance, torment resistance 1, petrification resistance
a: no special abilities


You were on level 2 of the Dungeon.
You visited 1 branch of the dungeon, and saw 2 of its levels.

You collected 52 gold pieces.


Innate Abilities, Weirdness & Mutations

You are immune to sickness and miasma.
Your stone body is resilient. (AC +3)
You are immune to poison.
You resist negative energy. (rN+)
You are resistant to electric shocks. (rElec)
You are resistant to unholy torment.
You are immune to petrification.


   Skills:
 - Level 3.2 Fighting
 + Level 3.4 Axes
 - Level 3.2 Armour
 - Level 3.2 Shields


You had 2 spell levels left.
You didn't know any spells.
Your spell library was empty.

Inventory:

Hand Weapons
 g - a +0 whip of electrocution
 Y - a +0 heavy war axe (weapon)
Armour
 c - a +0 buckler (worn)
 j - a +0 chain mail (worn)
Scrolls
 a - a scroll of identify
 e - a scroll of vulnerability {unknown}
Potions
 b - a potion of haste {unknown}
 d - a potion of might
 h - a potion of curing {unknown}
 i - a potion of attraction {unknown}

Dungeon Overview and Level Annotations

Branches:
Dungeon (2/15)

Altars:

Shops:
D:2 (

Annotations:
D:2 Robin, Sigmund


Message History

You feel less confused.
The goblin shouts!
Robin of the Strong Arm comes into view.
They are wielding a +0 falchion.
A goblin comes into view. It is wielding a +0 club.
Something hits you but does no damage.
1110 ||| FLEEEEING.
Something hits you but does no damage. Something hits you.
1113 ||| FLEEEEING.
You block something's attack.
1114 ||| FLEEEEING.
1116 ||| FLEEEEING.
1117 ||| FLEEEEING.
1118 ||| FLEEEEING.
Sigmund appears from thin air!
Reactivating autopickup.
Sigmund hits you from afar with a +0 scythe!
Sigmund says, "Look into my eyes."
Sigmund casts a spell at you.
You are confused.
Sigmund closely misses you. The goblin barely misses you.
The goblin hits you but does no damage. x2
Sigmund gestures at you while chanting. The magic dart hits you!
The goblin hits you but does no damage. x2; Sigmund hits you but does no damage.
The goblin hits you but does no damage. x2
Sigmund gestures wildly while chanting.
Sigmund flickers and vanishes!
Deactivating autopickup; reactivate with Ctrl-A.
You feel less confused. The goblin hits you but does no damage.
The goblin hits you with a +0 club. Something hits you but does no damage.
You slash the goblin!
You kill the goblin!
You slice the goblin!!
You kill the goblin!
You closely miss something. Something hits you.
You die...

####### #### ......# #..
# ......# #.#.#
.....>##############.#.#
......'.........@g..>..#
......######.###){...###
......# #.# #...).#
.....)# #.# ##....# #
......# ..# ####.##.##
......# .## #.....#
......# .. #.#.......
.....## .. #g###.##.#
........# ..


You could see a hobgoblin.

Vanquished Creatures
  A bat (D:1)
  5 endoplasms
  A giant cockroach (D:1)
  6 goblins
  3 hobgoblins
  2 quokkas (D:1)
  10 ball pythons
  A frilled lizard (D:1)
  7 kobolds
  2 rats (D:1)
38 creatures vanquished.

Notes
Turn   | Place    | Note
-------+----------+-------------------------------------------
     0 | D:1      | qw the Gargoyle Fighter began the quest for the Orb.
     0 | D:1      | Reached XP level 1. HP: 14/14 MP: 1/1
     0 | D:1      | 0 ||| qw: Version: 0.2-a-100-g4e38944
     0 | D:1      | 0 ||| qw: Game counter: 218
     0 | D:1      | 0 ||| qw: Always use a shield: true
     0 | D:1      | 0 ||| qw: God list: Okawaru
     0 | D:1      | 0 ||| qw: Allow faded altars: false
     0 | D:1      | 0 ||| qw: Do Orc after D:15 true
     0 | D:1      | 0 ||| qw: Do second Lair branch before Depths: true
     0 | D:1      | 0 ||| qw: Lair rune preference: random
     0 | D:1      | 0 ||| qw: Plans: Normal, Zot:1-4, God:TSO, Crypt, Tomb,
                  | Pan, Slime:5, Hells, Abyss, Win
     0 | D:1      | 0 ||| PLANNING D:1-11
   160 | D:1      | 160 ||| DROPPING +0 whip.
   185 | D:1      | Reached XP level 2. HP: 19/19 MP: 2/2
   303 | D:1      | Found a faded altar of an unknown god.
   379 | D:1      | 379 ||| Stepping ~*~*~tactically~*~*~ (stealth).
   394 | D:1      | Reached skill level 3 in Axes
   397 | D:1      | Reached XP level 3. HP: 15/23 MP: 3/3
   403 | D:1      | 403 ||| FLEEEEING.
   443 | D:1      | 443 ||| Stepping ~*~*~tactically~*~*~ (stealth).
   593 | D:1      | 593 ||| Stepping ~*~*~tactically~*~*~ (stealth).
   594 | D:1      | 594 ||| Stepping ~*~*~tactically~*~*~ (stealth).
   603 | D:1      | 603 ||| Stepping ~*~*~tactically~*~*~ (hiding).
   606 | D:1      | 606 ||| Stepping ~*~*~tactically~*~*~ (hiding).
   772 | D:1      | 772 ||| Stepping ~*~*~tactically~*~*~ (stealth).
   899 | D:1      | 899 ||| UPGRADING to +0 chain mail.
   909 | D:1      | 909 ||| DROPPING +0 scale mail.
   910 | D:1      | 910 ||| DROPPING ring of wizardry.
   911 | D:1      | 911 ||| READING 2 scrolls labelled LAXAIJ VIGHEOSCH.
   912 | D:1      | 912 ||| READING scroll labelled ZIEPYKKOUJOB.
   913 | D:1      | 913 ||| READING scroll labelled PEJ WEARPHU.
  1020 | D:2      | Found Liydin's Weapon Boutique.
  1026 | D:2      | 1026 ||| SHOPLISTING +1 mace of Frustration {venom, rN+
                  | Will+ Stlth-} (312 gold, have 40).
  1095 | D:2      | Noticed Sigmund
  1109 | D:2      | Noticed Robin
  1110 | D:2      | 1110 ||| FLEEEEING.
  1113 | D:2      | 1113 ||| FLEEEEING.
  1114 | D:2      | 1114 ||| FLEEEEING.
  1116 | D:2      | 1116 ||| FLEEEEING.
  1117 | D:2      | 1117 ||| FLEEEEING.
  1118 | D:2      | 1118 ||| FLEEEEING.
  1123 | D:2      | HP: 2/23 [Sigmund/magic dart (7)]
  1127 | D:2      | Slain by Sigmund

Levels and vault maps discovered:
D:1:      kilobyte_arrival_exit_the_forest, layout_rooms,
          shapermc_ecumenical_altar_pompeii
D:2:      layout_basic, serial_shops, shop, uniq_terence, uniq_sigmund,
          uniq_robin

Skill      XL: |  1  2 |
---------------+-------+-----
Axes           | 2 3 |  3.4
Fighting       | |  3.2
Armour         | |  3.2
Shields        | |  3.2

Action                     || total
---------------------------++-------
  Melee: War axe           ||   107
    Use: Scroll            ||     3
 Armour: Scale mail        ||    58
         Chain mail        ||    31
  Dodge: Dodged            ||    32
  Block: Buckler           ||    22

Table legend:
 A = Non-vault XP
 B = Vault XP
 C = Vault XP percentage of total XP
 D = Non-vault monster count
 E = Vault monster count
 F = Vault count percentage of total count
                 A         B        C        D         E       F
            +---------+---------+-------+---------+---------+-------
      Total |      60 |       3 |   4.8 |      36 |       2 |   5.3
            +---------+---------+-------+---------+---------+-------
        D:1 |      52 |       0 |   0.0 |      31 |       0 |   0.0
        D:2 |       8 |       3 |  27.3 |       5 |       2 |  28.6
            +---------+---------+-------+---------+---------+-------
